[ AOE2 MATCH · #482402817 ]
UnrankedGurjaras vs Vietnamese
[ REPLAY ANALYSIS · EXTRACTED FROM THE RECORDED GAME ]
Feudal
8:52
Castle
24:03
Imperial
—
| APM avg | 78.4 |
| APM peak | 131 |
| eAPM avg | 32.9 |
| Villagers / military | 140 / 62 |
Focus
⚔️ 45.0% · 🌾 55.0%
Camel Scout ×58 · Monk ×4
Feudal
11:21
Castle
18:11
Imperial
33:49
| APM avg | 69.8 |
| APM peak | 121 |
| eAPM avg | 40.3 |
| Villagers / military | 154 / 120 |
Focus
⚔️ 54.1% · 🌾 45.9%
Elephant Archer ×69 · Archer ×50 · Spearman ×1
Feudal
12:12
Castle
15:50
Imperial
35:30
| APM avg | 46.8 |
| APM peak | 90 |
| eAPM avg | 25.3 |
| Villagers / military | 151 / 87 |
Focus
⚔️ 35.3% · 🌾 64.7%
Rattan Archer ×87
Feudal
9:18
Castle
20:11
Imperial
32:54
| APM avg | 67.4 |
| APM peak | 112 |
| eAPM avg | 35.4 |
| Villagers / military | 250 / 168 |
Focus
⚔️ 55.4% · 🌾 44.6%
Skirmisher ×80 · Archer ×77 · Battering Ram ×10 · Trebuchet (Packed) ×1
Feudal
8:52
Castle
20:25
Imperial
33:15
| APM avg | 68.3 |
| APM peak | 118 |
| eAPM avg | 28.3 |
| Villagers / military | 126 / 54 |
Focus
⚔️ 39.0% · 🌾 61.0%
Arambai ×40 · Scout Cavalry ×6 · Mangonel ×3 · Trebuchet (Packed) ×3 · Spearman ×2
Feudal
8:51
Castle
21:44
Imperial
37:11
| APM avg | 84.1 |
| APM peak | 169 |
| eAPM avg | 50.2 |
| Villagers / military | 146 / 81 |
Focus
⚔️ 70.7% · 🌾 29.3%
Scout Cavalry ×70 · Monk ×4 · Spearman ×4 · Cavalry Archer ×3
Feudal
11:05
Castle
26:00
Imperial
—
| APM avg | 54.0 |
| APM peak | 78 |
| eAPM avg | 24.5 |
| Villagers / military | 86 / 92 |
Focus
⚔️ 33.9% · 🌾 66.1%
Archer ×68 · Skirmisher ×18 · Militia ×4 · Spearman ×2
Feudal
9:15
Castle
18:45
Imperial
—
| APM avg | 53.2 |
| APM peak | 86 |
| eAPM avg | 22.6 |
| Villagers / military | 138 / 52 |
Focus
⚔️ 33.7% · 🌾 66.3%
Knight ×47 · Scout Cavalry ×4 · Monk ×1
Match map
Initial resources + every placement click. Lines = walls · curves = elevation contours. ◆ gold · ⬟ stone · ● berries · ✦ relic · ◌ wall gap
Your base· Open — unwalled flank
12345's base· ✓ Closed at 18:11 · 11t walls · 1 gate(s)
[R1] 12Tirador's base· Open — unwalled flank
OS +| NeoZz's base· ✓ Closed at 20:11 · 15t walls · 2 gate(s)
Oni.TaToH's base· ✓ Closed at 20:25 · 43t walls · 2 gate(s)
BSL | Dr.Kozmonot's base· ✓ Closed at 21:44 · 24t walls · 2 gate(s)
c3mbrich!'s base· Open — 5t gap
Moneimon's base· ✓ Closed at 18:45 · 50t walls · no gate
Smoothed initial terrain · ◌ = detected wall gap · hover for details
Inputs per minute
— FC enjoyer - - 12345
Build order — FC enjoyer
First 150 of 361 actions detected
| 0:02 | Create | Villager (Male) ×4 |
| 0:02 | Create | Villager (Male) ×4 |
| 0:04 | Build | House |
| 0:53 | Build | Mill |
| 1:03 | Build | Palisade Wall |
| 1:04 | Build | Palisade Wall |
| 1:33 | Create | Villager (Male) |
| 1:56 | Build | House |
| 1:57 | Build | House |
| 1:58 | Create | Villager (Male) |
| 1:59 | Create | Villager (Male) |
| 2:22 | Create | Villager (Male) |
| 2:31 | Create | Villager (Male) |
| 3:04 | Create | Villager (Male) |
| 3:04 | Create | Villager (Male) |
| 3:10 | Create | Villager (Male) |
| 3:32 | Create | Villager (Male) |
| 3:32 | Create | Villager (Male) |
| 4:16 | Create | Villager (Male) |
| 4:28 | Create | Villager (Male) |
| 4:34 | Create | Villager (Male) |
| 4:36 | Create | Villager (Male) |
| 4:45 | Build | House |
| 5:02 | Create | Villager (Male) |
| 5:08 | Create | Villager (Male) |
| 5:11 | Create | Villager (Male) |
| 5:22 | Create | Villager (Male) |
| 6:05 | Build | Lumber Camp |
| 6:42 | Research | Feudal Age |
| 7:33 | Research | Loom |
| 7:33 | Research | Loom |
| 7:40 | Build | House |
| 7:42 | Build | Palisade Wall |
| 7:49 | Create | Villager (Male) |
| 7:53 | Build | Palisade Wall |
| 7:55 | Build | Palisade Wall |
| 7:56 | Build | Palisade Wall |
| 8:03 | Build | Barracks |
| 8:52 | Age | Feudal Age |
| 8:57 | Build | Stable |
| 9:07 | Create | Villager (Male) |
| 9:10 | Build | Farm |
| 9:16 | Build | Mining Camp |
| 9:18 | Research | Double-Bit Axe |
| 9:27 | Build | Palisade Wall |
| 9:31 | Create | Villager (Male) |
| 9:36 | Build | Farm |
| 9:38 | Build | Palisade Wall |
| 9:42 | Create | Villager (Male) |
| 9:46 | Create | Villager (Male) |
| 10:00 | Build | Palisade Wall |
| 10:00 | Build | Palisade Wall |
| 10:07 | Create | Camel Scout |
| 10:17 | Build | Farm |
| 10:21 | Build | Mill |
| 10:27 | Build | Farm |
| 10:54 | Create | Villager (Male) |
| 10:56 | Create | Camel Scout |
| 10:56 | Create | Camel Scout |
| 11:01 | Create | Villager (Male) |
| 11:02 | Build | House |
| 11:07 | Build | House |
| 11:09 | Create | Camel Scout |
| 11:21 | Create | Villager (Male) |
| 11:27 | Create | Villager (Male) |
| 11:35 | Create | Villager (Male) |
| 11:39 | Build | House |
| 12:17 | Create | Camel Scout |
| 12:19 | Create | Villager (Male) |
| 12:20 | Build | Farm |
| 12:24 | Build | Farm |
| 12:33 | Create | Villager (Male) |
| 12:37 | Create | Villager (Male) |
| 12:42 | Build | House |
| 12:43 | Build | Palisade Wall |
| 12:44 | Build | Palisade Wall |
| 12:46 | Create | Villager (Male) |
| 12:48 | Build | Farm |
| 12:51 | Create | Villager (Male) |
| 12:59 | Create | Villager (Male) |
| 13:13 | Build | Farm |
| 13:21 | Create | Villager (Male) |
| 13:23 | Build | House |
| 13:26 | Create | Camel Scout |
| 13:30 | Create | Villager (Male) |
| 13:43 | Build | Farm |
| 13:48 | Build | Farm |
| 13:50 | Build | Farm |
| 13:51 | Create | Villager (Male) |
| 13:56 | Build | Watch Tower |
| 13:56 | Create | Villager (Male) |
| 14:04 | Create | Camel Scout |
| 14:09 | Build | Blacksmith |
| 14:27 | Create | Villager (Male) |
| 14:28 | Create | Villager (Male) |
| 14:56 | Create | Villager (Male) |
| 14:59 | Build | House |
| 15:00 | Research | Scale Barding Armor |
| 15:00 | Research | Scale Barding Armor |
| 15:02 | Create | Camel Scout |
| 15:05 | Create | Villager (Male) |
| 15:11 | Create | Villager (Male) |
| 15:12 | Create | Villager (Male) |
| 15:13 | Create | Villager (Male) |
| 15:26 | Create | Camel Scout |
| 15:38 | Create | Villager (Male) |
| 15:59 | Create | Camel Scout |
| 16:05 | Build | Farm |
| 16:06 | Build | Farm |
| 16:06 | Build | Farm |
| 16:06 | Build | Farm |
| 16:06 | Build | Farm |
| 16:07 | Create | Villager (Male) |
| 16:24 | Build | Farm |
| 16:33 | Create | Camel Scout |
| 16:35 | Create | Villager (Male) |
| 16:58 | Build | Lumber Camp |
| 17:02 | Create | Camel Scout |
| 17:15 | Create | Villager (Male) |
| 17:30 | Create | Camel Scout |
| 17:37 | Build | House |
| 17:42 | Create | Villager (Male) |
| 18:02 | Build | Farm |
| 18:03 | Research | Horse Collar |
| 18:30 | Build | House |
| 18:35 | Build | House |
| 18:37 | Create | Camel Scout |
| 18:48 | Create | Villager (Male) |
| 18:49 | Build | Farm |
| 18:52 | Build | Farm |
| 18:54 | Create | Camel Scout |
| 18:57 | Create | Villager (Male) |
| 19:03 | Build | Farm |
| 19:10 | Build | House |
| 19:14 | Create | Villager (Male) |
| 19:17 | Build | Farm |
| 19:18 | Build | House |
| 19:19 | Research | Bloodlines |
| 19:30 | Create | Villager (Male) |
| 19:38 | Create | Camel Scout |
| 19:39 | Build | House |
| 20:20 | Create | Villager (Male) |
| 20:20 | Build | Farm |
| 20:23 | Build | House |
| 20:37 | Create | Villager (Male) |
| 20:43 | Create | Villager (Male) |
| 20:44 | Create | Villager (Male) |
| 20:45 | Create | Villager (Male) |
| 21:07 | Build | House |
| 21:07 | Build | House |
Build order — 12345
First 150 of 436 actions detected
| 0:00 | Create | Villager (Male) |
| 0:02 | Build | House |
| 0:04 | Build | House |
| 0:11 | Create | Villager (Male) ×3 |
| 1:24 | Create | Villager (Male) |
| 1:50 | Build | Lumber Camp |
| 1:51 | Create | Villager (Male) |
| 2:17 | Create | Villager (Male) |
| 2:39 | Create | Villager (Male) |
| 2:39 | Create | Villager (Male) |
| 3:05 | Create | Villager (Male) |
| 3:05 | Create | Villager (Male) |
| 3:19 | Build | House |
| 3:31 | Create | Villager (Male) |
| 3:31 | Create | Villager (Male) |
| 3:52 | Create | Villager (Male) |
| 4:17 | Build | Mill |
| 4:28 | Create | Villager (Male) |
| 4:28 | Create | Villager (Male) |
| 4:38 | Create | Villager (Male) |
| 4:46 | Build | House |
| 5:02 | Create | Villager (Male) |
| 5:10 | Create | Villager (Male) |
| 5:43 | Build | House |
| 5:48 | Create | Villager (Male) |
| 5:52 | Create | Villager (Male) |
| 6:31 | Create | Villager (Male) |
| 7:09 | Build | Mill |
| 7:10 | Create | Villager (Male) |
| 7:54 | Create | Villager (Male) |
| 7:55 | Create | Villager (Male) |
| 8:26 | Research | Loom |
| 8:40 | Research | Feudal Age |
| 8:40 | Research | Feudal Age |
| 8:46 | Build | Farm |
| 8:49 | Build | Farm |
| 8:53 | Build | Farm |
| 9:01 | Build | Lumber Camp |
| 9:20 | Create | Villager (Male) |
| 9:54 | Build | House |
| 10:11 | Build | Barracks |
| 11:05 | Build | Palisade Wall |
| 11:07 | Build | Palisade Wall |
| 11:10 | Build | Mining Camp |
| 11:21 | Age | Feudal Age |
| 11:23 | Build | Archery Range |
| 11:25 | Create | Spearman |
| 11:27 | Research | Double-Bit Axe |
| 11:32 | Create | Villager (Male) |
| 11:34 | Research | Gold Mining |
| 11:34 | Research | Gold Mining |
| 11:39 | Build | Palisade Wall |
| 11:59 | Create | Villager (Male) |
| 12:04 | Build | Palisade Gate |
| 12:12 | Create | Archer |
| 12:14 | Build | House |
| 12:26 | Build | House |
| 12:30 | Create | Villager (Male) |
| 12:30 | Create | Archer |
| 12:37 | Build | House |
| 12:42 | Create | Archer |
| 12:44 | Build | House |
| 12:46 | Build | House |
| 12:48 | Build | Palisade Wall |
| 12:50 | Create | Villager (Male) |
| 12:57 | Build | Farm |
| 12:57 | Research | Horse Collar |
| 12:59 | Research | Horse Collar |
| 12:59 | Research | Horse Collar |
| 13:10 | Create | Villager (Male) |
| 13:28 | Build | Archery Range |
| 13:39 | Build | House |
| 13:40 | Create | Villager (Male) |
| 13:54 | Create | Archer |
| 14:04 | Build | House |
| 14:05 | Create | Villager (Male) |
| 14:16 | Create | Archer |
| 14:17 | Create | Archer |
| 14:23 | Create | Villager (Male) |
| 14:34 | Build | Blacksmith |
| 14:39 | Create | Archer |
| 14:51 | Create | Archer |
| 15:03 | Create | Villager (Male) |
| 15:05 | Build | House |
| 15:05 | Build | House |
| 15:19 | Research | Castle Age |
| 15:19 | Research | Castle Age |
| 15:37 | Create | Archer |
| 15:37 | Create | Archer |
| 15:40 | Create | Archer |
| 15:41 | Build | Farm |
| 15:42 | Build | Farm |
| 15:43 | Build | Farm |
| 15:53 | Build | House |
| 15:59 | Research | Horse Collar |
| 15:59 | Research | Horse Collar |
| 16:02 | Create | Archer |
| 16:16 | Research | Fletching |
| 16:16 | Research | Fletching |
| 16:19 | Build | Farm |
| 16:23 | Create | Archer |
| 16:23 | Create | Archer |
| 16:24 | Create | Archer |
| 16:28 | Create | Archer |
| 16:45 | Build | Farm |
| 16:47 | Create | Archer |
| 16:57 | Create | Archer |
| 16:58 | Create | Villager (Male) |
| 17:49 | Create | Archer |
| 18:06 | Create | Archer |
| 18:11 | Age | Castle Age |
| 18:13 | Research | Crossbowman (upgrade) |
| 18:19 | Build | Town Center |
| 18:30 | Create | Villager (Male) |
| 18:33 | Build | Farm |
| 18:34 | Build | Farm |
| 18:35 | Build | Farm |
| 18:37 | Research | Bow Saw |
| 18:43 | Research | Bodkin Arrow |
| 18:45 | Build | Farm |
| 18:48 | Create | Archer ×5 |
| 19:10 | Create | Villager (Male) |
| 19:11 | Create | Archer |
| 19:12 | Create | Villager (Male) |
| 19:19 | Create | Archer |
| 19:38 | Create | Archer |
| 19:39 | Create | Villager (Male) |
| 19:45 | Create | Archer |
| 19:51 | Create | Villager (Male) |
| 20:04 | Create | Villager (Male) |
| 20:05 | Create | Villager (Male) |
| 20:05 | Create | Villager (Male) |
| 20:21 | Create | Archer |
| 20:22 | Create | Archer |
| 20:27 | Create | Villager (Male) |
| 20:44 | Create | Villager (Male) |
| 20:55 | Create | Archer |
| 20:56 | Create | Villager (Male) |
| 20:56 | Create | Villager (Male) |
| 20:58 | Build | Town Center |
| 21:02 | Create | Archer |
| 21:02 | Create | Archer |
| 21:02 | Create | Villager (Male) |
| 21:13 | Create | Villager (Male) |
| 21:14 | Build | Farm |
| 21:14 | Build | Farm |
| 21:15 | Build | Farm |
| 21:15 | Build | Farm |
| 21:22 | Create | Archer |
| 21:30 | Create | Villager (Male) |
Build order — [R1] 12Tirador
First 150 of 370 actions detected
| 0:00 | Create | Villager (Male) |
| 0:01 | Create | Villager (Male) |
| 0:01 | Create | Villager (Male) |
| 0:02 | Build | House |
| 0:03 | Build | House |
| 0:09 | Create | Villager (Male) |
| 1:21 | Create | Villager (Male) |
| 1:49 | Create | Villager (Male) |
| 2:09 | Build | Lumber Camp |
| 2:24 | Create | Villager (Male) |
| 2:49 | Create | Villager (Male) |
| 2:49 | Create | Villager (Male) |
| 3:07 | Create | Villager (Male) |
| 3:07 | Create | Villager (Male) |
| 3:37 | Create | Villager (Male) |
| 3:52 | Build | House |
| 4:00 | Create | Villager (Male) |
| 4:00 | Create | Villager (Male) |
| 4:29 | Build | Mill |
| 4:43 | Create | Villager (Male) |
| 4:45 | Create | Villager (Male) |
| 4:49 | Create | Villager (Male) |
| 5:18 | Create | Villager (Male) |
| 5:36 | Create | Villager (Male) |
| 5:39 | Create | Villager (Male) |
| 6:01 | Build | House |
| 6:20 | Create | Villager (Male) |
| 7:03 | Build | Mining Camp |
| 7:17 | Create | Villager (Male) |
| 7:25 | Build | House |
| 7:29 | Build | House |
| 8:03 | Build | House |
| 8:06 | Create | Villager (Male) |
| 8:13 | Build | Mining Camp |
| 8:38 | Create | Villager (Male) |
| 9:01 | Research | Loom |
| 9:04 | Build | Palisade Wall |
| 9:05 | Build | Palisade Wall |
| 9:06 | Build | Palisade Wall |
| 9:13 | Build | Palisade Wall |
| 9:13 | Create | Villager (Male) |
| 9:18 | Build | Palisade Wall |
| 9:36 | Create | Villager (Male) |
| 9:51 | Research | Feudal Age |
| 10:28 | Build | Farm |
| 10:59 | Build | Palisade Wall |
| 11:02 | Build | Palisade Wall |
| 11:03 | Build | Palisade Wall |
| 11:04 | Build | Palisade Wall |
| 11:14 | Create | Villager (Male) |
| 11:14 | Create | Villager (Male) |
| 12:12 | Age | Feudal Age |
| 12:14 | Build | Market |
| 12:16 | Build | Blacksmith |
| 13:10 | Research | Castle Age |
| 13:20 | Build | Farm |
| 13:21 | Build | Farm |
| 13:53 | Research | Double-Bit Axe |
| 15:36 | Create | Villager (Male) |
| 15:50 | Age | Castle Age |
| 15:53 | Build | Town Center |
| 15:59 | Build | Town Center |
| 16:00 | Research | Bow Saw |
| 16:01 | Create | Villager (Male) |
| 16:08 | Create | Villager (Male) |
| 16:14 | Create | Villager (Male) |
| 16:19 | Build | Gate |
| 16:25 | Build | House |
| 16:28 | Build | House |
| 16:31 | Create | Villager (Male) |
| 16:33 | Create | Villager (Male) |
| 16:35 | Create | Villager (Male) |
| 16:43 | Create | Villager (Male) |
| 16:53 | Create | Villager (Male) |
| 16:53 | Create | Villager (Male) |
| 17:01 | Create | Villager (Male) |
| 17:01 | Create | Villager (Male) |
| 17:04 | Create | Villager (Male) |
| 17:28 | Build | Farm |
| 17:29 | Build | Farm |
| 17:30 | Build | Farm |
| 17:47 | Build | Farm |
| 18:02 | Create | Villager (Male) |
| 18:26 | Create | Villager (Male) |
| 18:27 | Create | Villager (Male) |
| 18:30 | Build | Farm |
| 18:32 | Create | Villager (Male) |
| 18:36 | Create | Villager (Male) |
| 18:41 | Create | Villager (Male) |
| 18:50 | Build | Farm |
| 18:53 | Create | Villager (Male) |
| 19:04 | Build | Farm |
| 19:08 | Create | Villager (Male) |
| 19:22 | Create | Villager (Male) |
| 19:33 | Build | Castle |
| 19:38 | Build | Castle |
| 19:41 | Research | Town Watch |
| 19:50 | Build | Farm |
| 19:50 | Build | Farm |
| 19:51 | Build | Farm |
| 19:56 | Create | Villager (Male) |
| 20:00 | Research | Wheelbarrow |
| 20:01 | Research | Wheelbarrow |
| 20:07 | Build | Farm |
| 20:08 | Create | Villager (Male) |
| 20:10 | Build | Farm |
| 20:13 | Build | House |
| 20:29 | Research | Fletching |
| 20:29 | Research | Fletching |
| 20:33 | Build | Farm |
| 20:35 | Build | Farm |
| 20:41 | Build | Farm |
| 20:43 | Build | Farm |
| 20:46 | Create | Villager (Male) |
| 20:58 | Build | Farm |
| 20:58 | Create | Villager (Male) |
| 21:07 | Build | Farm |
| 21:10 | Create | Villager (Male) |
| 21:15 | Create | Villager (Male) |
| 21:17 | Create | Rattan Archer |
| 21:28 | Create | Rattan Archer |
| 21:36 | Create | Villager (Male) |
| 21:36 | Create | Villager (Male) |
| 21:40 | Create | Rattan Archer |
| 21:41 | Create | Rattan Archer |
| 21:44 | Create | Villager (Male) |
| 21:52 | Build | House |
| 21:53 | Build | House |
| 21:54 | Build | House |
| 21:55 | Build | House |
| 22:01 | Build | Farm |
| 22:01 | Create | Villager (Male) |
| 22:02 | Create | Villager (Male) |
| 22:04 | Create | Rattan Archer ×2 |
| 22:12 | Create | Villager (Male) |
| 22:12 | Create | Villager (Male) |
| 22:12 | Create | Villager (Male) |
| 22:12 | Create | Villager (Male) |
| 22:24 | Research | Bodkin Arrow |
| 22:29 | Build | Lumber Camp |
| 22:42 | Create | Rattan Archer |
| 22:43 | Create | Rattan Archer |
| 22:44 | Create | Villager (Male) |
| 22:44 | Create | Villager (Male) |
| 22:46 | Create | Villager (Male) |
| 22:49 | Build | Farm |
| 22:51 | Create | Villager (Male) |
| 22:57 | Build | Farm |
| 22:58 | Create | Villager (Male) |
| 23:08 | Create | Rattan Archer |
Build order — OS +| NeoZz
First 150 of 505 actions detected
| 0:00 | Create | Villager (Male) |
| 0:00 | Create | Villager (Male) |
| 0:00 | Create | Villager (Male) |
| 0:01 | Research | Loom |
| 0:03 | Build | House |
| 0:04 | Build | House |
| 0:24 | Create | Villager (Male) |
| 0:26 | Create | Villager (Male) |
| 0:27 | Create | Villager (Male) |
| 1:28 | Build | Mill |
| 1:34 | Create | Villager (Male) |
| 1:34 | Create | Villager (Male) |
| 2:05 | Create | Villager (Male) |
| 2:31 | Create | Villager (Male) |
| 2:54 | Create | Villager (Male) |
| 3:14 | Create | Villager (Male) |
| 3:18 | Create | Villager (Male) |
| 3:40 | Create | Villager (Male) |
| 3:48 | Create | Villager (Male) |
| 4:03 | Build | House |
| 4:06 | Create | Villager (Male) |
| 4:31 | Create | Villager (Male) |
| 4:31 | Create | Villager (Male) |
| 4:51 | Create | Villager (Male) |
| 4:58 | Build | Lumber Camp |
| 5:00 | Create | Villager (Male) |
| 5:07 | Create | Villager (Male) |
| 5:44 | Create | Villager (Male) |
| 6:05 | Build | House |
| 6:12 | Build | Palisade Wall |
| 6:12 | Build | Palisade Wall |
| 6:13 | Build | Palisade Wall |
| 6:18 | Build | Palisade Wall |
| 7:08 | Research | Feudal Age |
| 7:40 | Build | Mining Camp |
| 8:16 | Build | Barracks |
| 8:18 | Create | Villager (Male) |
| 8:18 | Create | Villager (Male) |
| 8:21 | Create | Villager (Male) |
| 8:36 | Create | Villager (Male) |
| 9:18 | Create | Villager (Male) |
| 9:18 | Age | Feudal Age |
| 9:21 | Build | Archery Range |
| 9:23 | Build | Archery Range |
| 9:39 | Build | Archery Range |
| 9:49 | Build | House |
| 9:51 | Research | Double-Bit Axe |
| 9:53 | Create | Villager (Male) |
| 10:14 | Create | Villager (Male) |
| 10:21 | Create | Archer |
| 10:38 | Create | Archer |
| 10:38 | Create | Archer |
| 10:38 | Create | Archer |
| 10:47 | Build | Palisade Wall |
| 10:48 | Build | Palisade Wall |
| 10:49 | Create | Villager (Male) |
| 10:57 | Build | Mill |
| 11:01 | Create | Archer |
| 11:10 | Create | Villager (Male) |
| 11:14 | Build | Gate |
| 11:16 | Build | Stone Wall |
| 11:16 | Build | Stone Wall |
| 11:18 | Build | House |
| 11:21 | Create | Archer |
| 11:22 | Create | Archer |
| 11:36 | Build | Stone Wall |
| 11:40 | Create | Villager (Male) |
| 11:47 | Create | Archer |
| 11:54 | Create | Archer |
| 12:00 | Create | Villager (Male) |
| 12:07 | Build | Farm |
| 12:15 | Build | Blacksmith |
| 12:16 | Create | Archer |
| 12:25 | Build | House |
| 12:33 | Build | House |
| 12:44 | Create | Villager (Male) |
| 12:44 | Create | Villager (Male) |
| 12:46 | Create | Archer |
| 12:48 | Build | Palisade Wall |
| 12:51 | Build | Palisade Wall |
| 12:53 | Build | Palisade Wall |
| 12:55 | Build | Palisade Wall |
| 12:56 | Build | House |
| 13:02 | Create | Villager (Male) |
| 13:18 | Research | Fletching |
| 13:19 | Research | Fletching |
| 13:20 | Create | Villager (Male) |
| 13:20 | Create | Archer |
| 13:21 | Build | House |
| 13:25 | Create | Archer |
| 13:35 | Build | Farm |
| 13:47 | Create | Villager (Male) |
| 13:47 | Create | Villager (Male) |
| 13:49 | Build | Palisade Gate |
| 13:57 | Build | House |
| 14:11 | Create | Villager (Male) |
| 14:13 | Build | Farm |
| 14:15 | Create | Villager (Male) |
| 14:25 | Build | Farm |
| 14:32 | Build | Farm |
| 14:35 | Create | Archer |
| 14:35 | Create | Archer |
| 14:48 | Create | Villager (Male) |
| 14:53 | Build | Farm |
| 14:56 | Create | Archer |
| 14:57 | Create | Villager (Male) |
| 15:05 | Create | Villager (Male) |
| 15:14 | Build | Farm |
| 15:21 | Create | Archer |
| 15:34 | Create | Villager (Male) |
| 15:43 | Build | Farm |
| 15:56 | Create | Archer |
| 16:08 | Create | Archer |
| 16:13 | Create | Villager (Male) |
| 16:38 | Create | Archer |
| 16:45 | Create | Villager (Male) |
| 16:46 | Build | Farm |
| 16:48 | Build | Farm |
| 16:49 | Create | Archer |
| 16:52 | Build | Farm |
| 17:19 | Build | Farm |
| 17:22 | Create | Archer |
| 17:31 | Research | Castle Age |
| 17:31 | Research | Castle Age |
| 17:37 | Create | Archer |
| 17:41 | Build | Lumber Camp |
| 17:43 | Create | Archer |
| 17:43 | Create | Archer |
| 17:54 | Research | Horse Collar |
| 18:09 | Research | Gold Mining |
| 18:15 | Create | Archer |
| 18:15 | Create | Archer |
| 18:24 | Create | Archer |
| 18:29 | Create | Villager (Male) |
| 18:30 | Build | House |
| 18:39 | Build | House |
| 18:43 | Build | House |
| 18:43 | Build | House |
| 18:55 | Create | Archer |
| 19:05 | Create | Archer |
| 19:19 | Create | Archer |
| 19:19 | Create | Archer |
| 19:37 | Research | Padded Archer Armor |
| 19:44 | Create | Archer |
| 19:44 | Create | Archer |
| 19:56 | Create | Archer |
| 19:57 | Create | Villager (Male) |
| 20:11 | Age | Castle Age |
| 20:13 | Research | Bodkin Arrow |
| 20:23 | Build | Town Center |
Build order — Oni.TaToH
First 150 of 317 actions detected
| 0:01 | Create | Villager (Male) ×4 |
| 0:02 | Build | House |
| 0:02 | Build | House |
| 1:21 | Create | Villager (Male) |
| 1:57 | Create | Villager (Male) |
| 2:17 | Create | Villager (Male) |
| 2:37 | Build | Lumber Camp |
| 2:41 | Create | Villager (Male) |
| 3:11 | Create | Villager (Male) |
| 3:23 | Create | Villager (Male) |
| 3:46 | Create | Villager (Male) |
| 3:56 | Create | Villager (Male) |
| 4:03 | Build | House |
| 4:29 | Create | Villager (Male) |
| 4:39 | Create | Villager (Male) |
| 4:42 | Build | Mill |
| 5:46 | Create | Villager (Male) |
| 6:11 | Research | Loom |
| 6:42 | Research | Feudal Age |
| 6:43 | Research | Feudal Age |
| 7:09 | Build | Palisade Wall |
| 7:18 | Build | House |
| 7:49 | Build | House |
| 8:02 | Build | Barracks |
| 8:06 | Create | Villager (Male) |
| 8:52 | Age | Feudal Age |
| 8:54 | Build | Stable |
| 8:59 | Create | Spearman |
| 9:03 | Create | Villager (Male) |
| 9:24 | Create | Villager (Male) |
| 9:29 | Build | Farm |
| 9:37 | Create | Scout Cavalry |
| 9:40 | Build | Gate |
| 9:45 | Build | House |
| 9:53 | Create | Villager (Male) |
| 9:56 | Create | Scout Cavalry |
| 10:12 | Build | House |
| 10:18 | Create | Villager (Male) |
| 10:23 | Build | House |
| 10:41 | Create | Villager (Male) |
| 10:49 | Create | Villager (Male) |
| 10:51 | Build | Palisade Wall |
| 10:54 | Build | Stone Wall |
| 10:58 | Create | Scout Cavalry |
| 10:59 | Create | Villager (Male) |
| 11:01 | Build | Farm |
| 11:05 | Build | Gate |
| 11:09 | Build | Stone Wall |
| 11:17 | Build | Farm |
| 11:18 | Build | Farm |
| 11:31 | Build | Farm |
| 11:34 | Create | Villager (Male) |
| 11:35 | Build | Farm |
| 11:45 | Research | Horse Collar |
| 11:49 | Create | Scout Cavalry |
| 11:55 | Create | Villager (Male) |
| 12:14 | Create | Villager (Male) |
| 12:20 | Build | Farm |
| 12:35 | Create | Scout Cavalry |
| 12:35 | Create | Scout Cavalry |
| 12:51 | Build | Mining Camp |
| 12:53 | Create | Villager (Male) |
| 13:06 | Build | Mining Camp |
| 13:13 | Create | Villager (Male) |
| 13:16 | Build | Farm |
| 13:22 | Build | Farm |
| 13:52 | Create | Villager (Male) |
| 13:54 | Build | Farm |
| 14:08 | Create | Villager (Male) |
| 14:27 | Build | Market |
| 14:31 | Build | Farm |
| 14:36 | Create | Villager (Male) |
| 14:46 | Build | Stone Wall |
| 14:48 | Build | Stone Wall |
| 14:55 | Create | Villager (Male) |
| 15:13 | Build | Farm |
| 15:26 | Create | Villager (Male) |
| 15:36 | Build | Farm |
| 15:42 | Create | Spearman |
| 15:45 | Create | Villager (Male) |
| 16:02 | Build | Farm |
| 16:06 | Build | Farm |
| 16:08 | Create | Villager (Male) |
| 16:34 | Create | Villager (Male) |
| 16:44 | Create | Villager (Male) |
| 16:45 | Build | Farm |
| 17:10 | Build | Lumber Camp |
| 17:26 | Build | House |
| 17:27 | Build | House |
| 17:45 | Research | Castle Age |
| 18:25 | Research | Gold Mining |
| 18:26 | Research | Gold Mining |
| 18:42 | Research | Stone Mining |
| 19:11 | Research | Bloodlines |
| 19:49 | Research | Wheelbarrow |
| 20:18 | Create | Villager (Male) |
| 20:25 | Age | Castle Age |
| 20:26 | Build | Town Center |
| 20:36 | Create | Villager (Male) |
| 20:42 | Build | Town Center |
| 21:32 | Create | Villager (Male) |
| 21:39 | Create | Villager (Male) |
| 21:41 | Create | Villager (Male) |
| 21:43 | Build | Farm |
| 21:44 | Build | Farm |
| 21:45 | Create | Villager (Male) |
| 21:50 | Build | Castle |
| 21:57 | Create | Villager (Male) |
| 22:00 | Create | Villager (Male) |
| 22:04 | Build | Farm |
| 22:08 | Research | Town Watch |
| 22:10 | Research | Husbandry |
| 22:13 | Build | Farm |
| 22:14 | Create | Villager (Male) |
| 22:15 | Build | Farm |
| 22:27 | Create | Villager (Male) |
| 22:39 | Build | Farm |
| 22:41 | Create | Villager (Male) |
| 22:49 | Build | Monastery |
| 23:02 | Build | Blacksmith |
| 23:05 | Create | Villager (Male) |
| 23:05 | Create | Arambai |
| 23:10 | Create | Villager (Male) |
| 23:11 | Build | House |
| 23:12 | Build | House |
| 23:15 | Build | House |
| 23:16 | Create | Villager (Male) |
| 23:21 | Create | Villager (Male) |
| 23:29 | Create | Villager (Male) |
| 23:32 | Create | Villager (Male) |
| 23:37 | Build | Siege Workshop |
| 23:39 | Build | House |
| 23:53 | Create | Villager (Male) |
| 23:57 | Create | Arambai |
| 24:01 | Create | Villager (Male) |
| 24:06 | Create | Arambai |
| 24:12 | Create | Mangonel |
| 24:21 | Create | Villager (Male) |
| 24:22 | Build | Farm |
| 24:24 | Build | Farm |
| 24:38 | Create | Villager (Male) |
| 24:53 | Create | Villager (Male) |
| 24:55 | Build | Farm |
| 24:56 | Build | Farm |
| 24:59 | Build | Farm |
| 24:59 | Build | Farm |
| 25:04 | Create | Arambai |
| 25:04 | Create | Villager (Male) |
| 25:17 | Create | Villager (Male) |
| 25:20 | Build | Farm |
Build order — BSL | Dr.Kozmonot
First 150 of 389 actions detected
| 0:01 | Create | Villager (Male) |
| 0:02 | Build | House |
| 0:03 | Build | House |
| 0:11 | Create | Villager (Male) |
| 0:16 | Create | Villager (Male) |
| 0:28 | Create | Villager (Male) |
| 1:15 | Create | Villager (Male) |
| 1:51 | Create | Villager (Male) |
| 2:11 | Create | Villager (Male) |
| 2:27 | Create | Villager (Male) |
| 2:43 | Research | Loom |
| 2:52 | Create | Villager (Male) |
| 3:19 | Create | Villager (Male) |
| 3:30 | Create | Villager (Male) |
| 3:34 | Build | Mill |
| 4:10 | Create | Villager (Male) |
| 4:14 | Build | House |
| 4:16 | Build | House |
| 4:22 | Create | Villager (Male) |
| 4:26 | Create | Villager (Male) |
| 4:58 | Create | Villager (Male) |
| 4:58 | Create | Villager (Male) |
| 5:43 | Create | Villager (Male) |
| 5:45 | Build | Lumber Camp |
| 5:52 | Create | Villager (Male) |
| 5:55 | Create | Villager (Male) |
| 6:41 | Research | Feudal Age |
| 8:00 | Create | Villager (Male) |
| 8:20 | Build | Barracks |
| 8:51 | Age | Feudal Age |
| 8:54 | Create | Villager (Male) |
| 9:04 | Create | Villager (Male) |
| 9:14 | Build | Stable |
| 9:35 | Create | Villager (Male) |
| 9:51 | Build | Mill |
| 9:54 | Create | Villager (Male) |
| 9:58 | Create | Scout Cavalry |
| 10:02 | Create | Villager (Male) |
| 10:04 | Build | House |
| 10:08 | Create | Scout Cavalry |
| 10:12 | Create | Villager (Male) |
| 10:12 | Create | Spearman |
| 10:23 | Research | Double-Bit Axe |
| 10:34 | Create | Scout Cavalry |
| 10:35 | Create | Villager (Male) |
| 10:42 | Build | House |
| 10:44 | Create | Spearman |
| 10:45 | Create | Spearman |
| 11:03 | Build | House |
| 11:10 | Build | Farm |
| 11:11 | Create | Scout Cavalry |
| 11:19 | Create | Villager (Male) |
| 11:22 | Build | House |
| 11:44 | Build | Palisade Wall |
| 11:48 | Create | Villager (Male) |
| 11:50 | Build | Farm |
| 12:00 | Create | Villager (Male) |
| 12:02 | Build | Farm |
| 12:08 | Build | House |
| 12:10 | Build | Palisade Wall |
| 12:12 | Create | Villager (Male) |
| 12:23 | Create | Villager (Male) |
| 12:35 | Create | Villager (Male) |
| 12:38 | Create | Scout Cavalry |
| 12:39 | Create | Villager (Male) |
| 12:43 | Build | Farm |
| 12:44 | Build | Farm |
| 12:48 | Create | Villager (Male) |
| 12:59 | Build | Farm |
| 13:03 | Research | Horse Collar |
| 13:18 | Create | Spearman |
| 13:22 | Build | House |
| 13:30 | Build | Farm |
| 13:31 | Create | Villager (Male) |
| 13:34 | Build | Palisade Wall |
| 13:34 | Build | Palisade Wall |
| 13:57 | Build | Palisade Gate |
| 13:59 | Create | Villager (Male) |
| 14:09 | Build | Farm |
| 14:13 | Create | Villager (Male) |
| 14:23 | Build | Farm |
| 14:26 | Build | Farm |
| 14:31 | Create | Villager (Male) |
| 14:34 | Build | House |
| 14:36 | Build | House |
| 14:42 | Build | Farm |
| 14:44 | Build | Farm |
| 14:54 | Build | Palisade Gate |
| 14:55 | Build | Palisade Wall |
| 14:59 | Create | Villager (Male) |
| 15:01 | Build | Farm |
| 15:11 | Create | Villager (Male) |
| 15:17 | Build | Farm |
| 15:21 | Create | Villager (Male) |
| 15:30 | Create | Villager (Male) |
| 15:38 | Build | Farm |
| 15:38 | Research | Wheelbarrow |
| 15:46 | Build | House |
| 15:52 | Create | Villager (Male) |
| 15:57 | Build | Farm |
| 16:09 | Create | Villager (Male) |
| 16:19 | Create | Villager (Male) |
| 16:46 | Create | Villager (Male) |
| 16:56 | Build | House |
| 17:12 | Build | Market |
| 17:17 | Build | Mining Camp |
| 17:25 | Create | Villager (Male) |
| 17:27 | Build | House |
| 17:28 | Build | House |
| 17:44 | Create | Villager (Male) |
| 18:41 | Research | Gold Mining |
| 19:04 | Research | Castle Age |
| 19:04 | Research | Castle Age |
| 19:13 | Create | Villager (Male) |
| 19:22 | Build | House |
| 19:23 | Build | House |
| 19:43 | Research | Bloodlines |
| 20:25 | Build | Blacksmith |
| 20:43 | Create | Villager (Male) |
| 20:54 | Create | Scout Cavalry |
| 20:54 | Create | Scout Cavalry |
| 21:37 | Create | Scout Cavalry |
| 21:44 | Age | Castle Age |
| 21:46 | Build | Town Center |
| 21:48 | Research | Bow Saw |
| 21:51 | Research | Scale Barding Armor |
| 21:54 | Create | Villager (Male) |
| 21:56 | Research | Husbandry |
| 21:56 | Research | Husbandry |
| 21:57 | Create | Villager (Male) |
| 22:05 | Build | Gate |
| 22:07 | Build | Stone Wall |
| 22:08 | Build | Stone Wall |
| 22:12 | Create | Villager (Male) |
| 22:23 | Research | Heavy Plow |
| 22:24 | Create | Villager (Male) |
| 22:27 | Create | Villager (Male) |
| 22:42 | Create | Villager (Male) |
| 22:49 | Create | Villager (Male) |
| 22:51 | Create | Villager (Male) |
| 22:57 | Create | Villager (Male) |
| 23:01 | Create | Villager (Male) |
| 23:05 | Research | Forging |
| 23:06 | Create | Villager (Male) |
| 23:08 | Create | Villager (Male) |
| 23:08 | Create | Villager (Male) |
| 23:13 | Create | Villager (Male) |
| 23:16 | Create | Villager (Male) |
| 23:20 | Create | Villager (Male) |
| 23:30 | Create | Villager (Male) |
Build order — c3mbrich!
First 150 of 277 actions detected
| 0:00 | Create | Villager (Male) |
| 0:01 | Create | Villager (Male) |
| 0:02 | Build | House |
| 0:02 | Build | House |
| 0:16 | Create | Villager (Male) |
| 0:16 | Create | Villager (Male) |
| 1:40 | Create | Villager (Male) |
| 1:46 | Create | Villager (Male) |
| 2:24 | Build | Lumber Camp |
| 2:32 | Create | Villager (Male) |
| 2:32 | Create | Villager (Male) |
| 2:32 | Create | Villager (Male) |
| 3:10 | Create | Villager (Male) |
| 3:36 | Create | Villager (Male) |
| 3:50 | Build | House |
| 3:57 | Create | Villager (Male) |
| 4:09 | Create | Villager (Male) |
| 4:44 | Create | Villager (Male) |
| 4:53 | Create | Villager (Male) |
| 5:00 | Create | Villager (Male) |
| 5:29 | Create | Villager (Male) |
| 5:33 | Build | Barracks |
| 5:44 | Create | Villager (Male) |
| 5:54 | Create | Villager (Male) |
| 6:03 | Build | House |
| 6:29 | Build | Mill |
| 6:36 | Create | Villager (Male) |
| 6:37 | Create | Militia |
| 6:37 | Create | Militia |
| 6:43 | Build | House |
| 6:44 | Build | Palisade Wall |
| 7:11 | Create | Militia |
| 7:34 | Create | Villager (Male) |
| 7:50 | Build | Mining Camp |
| 7:59 | Create | Villager (Male) |
| 8:24 | Research | Loom |
| 8:55 | Research | Feudal Age |
| 9:30 | Create | Villager (Male) |
| 10:06 | Create | Villager (Male) |
| 10:23 | Build | House |
| 10:26 | Create | Villager (Male) |
| 10:37 | Create | Villager (Male) |
| 10:52 | Build | Palisade Wall |
| 11:04 | Create | Militia |
| 11:05 | Age | Feudal Age |
| 11:07 | Build | Archery Range |
| 11:08 | Create | Spearman |
| 11:11 | Build | Archery Range |
| 11:12 | Create | Villager (Male) |
| 11:20 | Build | Palisade Wall |
| 11:38 | Create | Villager (Male) |
| 11:44 | Build | Blacksmith |
| 11:48 | Build | Lumber Camp |
| 11:50 | Create | Archer |
| 11:51 | Create | Archer |
| 12:14 | Create | Villager (Male) |
| 12:17 | Build | Mill |
| 12:19 | Create | Archer |
| 12:30 | Create | Villager (Male) |
| 12:32 | Build | Farm |
| 12:42 | Create | Archer |
| 12:45 | Create | Villager (Male) |
| 12:50 | Build | Palisade Wall |
| 12:54 | Create | Archer |
| 13:02 | Create | Archer |
| 13:13 | Build | Farm |
| 13:16 | Create | Archer |
| 13:23 | Create | Villager (Male) |
| 13:39 | Build | Farm |
| 13:52 | Create | Archer |
| 13:53 | Create | Villager (Male) |
| 13:55 | Build | Farm |
| 13:58 | Create | Archer |
| 14:06 | Build | House |
| 14:26 | Research | Fletching |
| 14:29 | Create | Archer |
| 14:44 | Create | Villager (Male) |
| 14:45 | Build | Farm |
| 14:51 | Create | Archer |
| 15:01 | Create | Villager (Male) |
| 15:03 | Build | House |
| 15:15 | Create | Archer |
| 15:15 | Create | Villager (Male) |
| 15:17 | Build | Farm |
| 15:27 | Create | Archer |
| 15:31 | Create | Archer |
| 15:54 | Create | Archer |
| 16:00 | Create | Archer |
| 16:01 | Create | Villager (Male) |
| 16:04 | Build | House |
| 16:04 | Build | Palisade Wall |
| 16:07 | Create | Villager (Male) |
| 16:09 | Build | Farm |
| 16:10 | Build | Farm |
| 16:14 | Create | Archer |
| 16:21 | Build | Palisade Wall |
| 16:29 | Create | Archer |
| 16:30 | Create | Villager (Male) |
| 16:37 | Build | House |
| 16:43 | Create | Spearman |
| 16:45 | Create | Archer |
| 17:03 | Create | Villager (Male) |
| 17:06 | Build | Farm |
| 17:08 | Create | Archer |
| 17:11 | Create | Archer |
| 17:24 | Create | Villager (Male) |
| 17:30 | Create | Archer |
| 17:45 | Create | Archer |
| 17:46 | Create | Villager (Male) |
| 17:49 | Create | Villager (Male) |
| 17:51 | Create | Archer |
| 17:52 | Create | Villager (Male) |
| 17:54 | Create | Villager (Male) |
| 18:27 | Create | Archer |
| 18:28 | Create | Archer |
| 18:47 | Create | Villager (Male) |
| 18:53 | Create | Archer |
| 18:57 | Build | House |
| 19:27 | Build | Market |
| 19:29 | Create | Villager (Male) |
| 19:43 | Create | Archer |
| 19:45 | Create | Archer |
| 19:50 | Create | Villager (Male) |
| 19:56 | Build | Watch Tower |
| 20:35 | Build | House |
| 20:42 | Create | Archer |
| 20:44 | Create | Archer |
| 20:53 | Create | Villager (Male) |
| 21:06 | Build | House |
| 21:17 | Build | Palisade Wall |
| 21:27 | Build | Mining Camp |
| 21:38 | Create | Archer |
| 21:39 | Create | Archer |
| 21:40 | Create | Archer |
| 22:04 | Build | Watch Tower |
| 22:10 | Build | Farm |
| 22:12 | Create | Archer |
| 22:28 | Create | Archer |
| 22:40 | Create | Villager (Male) |
| 23:12 | Build | Farm |
| 23:20 | Research | Castle Age |
| 23:21 | Create | Archer |
| 23:50 | Create | Archer |
| 23:53 | Research | Double-Bit Axe |
| 23:53 | Research | Double-Bit Axe |
| 23:54 | Create | Archer |
| 24:05 | Build | Farm |
| 24:12 | Create | Archer |
| 24:29 | Create | Archer |
| 24:58 | Build | Stone Wall |
Build order — Moneimon
First 150 of 349 actions detected
| 0:00 | Create | Villager (Male) |
| 0:00 | Create | Villager (Male) |
| 0:02 | Build | House |
| 0:02 | Build | House |
| 0:04 | Create | Villager (Male) |
| 0:07 | Create | Villager (Male) |
| 0:07 | Create | Villager (Male) |
| 1:29 | Create | Villager (Male) |
| 1:58 | Create | Villager (Male) |
| 2:00 | Build | Lumber Camp |
| 2:13 | Create | Villager (Male) |
| 2:54 | Create | Villager (Male) |
| 2:54 | Create | Villager (Male) |
| 3:01 | Build | House |
| 3:13 | Create | Villager (Male) |
| 3:43 | Create | Villager (Male) |
| 4:04 | Build | Mill |
| 4:24 | Create | Villager (Male) |
| 4:36 | Create | Villager (Male) |
| 5:06 | Create | Villager (Male) |
| 5:42 | Build | Mill |
| 5:47 | Create | Villager (Male) |
| 6:14 | Create | Villager (Male) |
| 6:15 | Research | Loom |
| 7:05 | Research | Feudal Age |
| 7:38 | Build | Barracks |
| 9:15 | Age | Feudal Age |
| 9:17 | Create | Villager (Male) |
| 9:19 | Build | Stable |
| 9:21 | Research | Double-Bit Axe |
| 9:29 | Create | Villager (Male) |
| 9:46 | Create | Villager (Male) |
| 9:53 | Research | Horse Collar |
| 10:02 | Create | Villager (Male) |
| 10:07 | Create | Villager (Male) |
| 10:08 | Create | Scout Cavalry |
| 10:08 | Create | Scout Cavalry |
| 10:27 | Create | Villager (Male) |
| 10:30 | Build | Farm |
| 10:34 | Create | Villager (Male) |
| 10:36 | Build | House |
| 10:37 | Build | House |
| 10:46 | Build | Farm |
| 10:48 | Create | Villager (Male) |
| 10:55 | Create | Scout Cavalry |
| 10:56 | Create | Villager (Male) |
| 10:59 | Build | Palisade Wall |
| 11:04 | Build | Farm |
| 11:08 | Create | Villager (Male) |
| 11:17 | Create | Villager (Male) |
| 11:27 | Build | Palisade Wall |
| 11:33 | Create | Villager (Male) |
| 11:34 | Create | Scout Cavalry |
| 11:36 | Build | Farm |
| 11:39 | Create | Villager (Male) |
| 11:48 | Build | House |
| 11:49 | Build | Palisade Wall |
| 11:57 | Build | Farm |
| 12:14 | Create | Villager (Male) |
| 12:16 | Build | Farm |
| 12:37 | Create | Villager (Male) |
| 12:48 | Build | Palisade Wall |
| 12:53 | Create | Villager (Male) |
| 13:00 | Build | Palisade Wall |
| 13:14 | Create | Villager (Male) |
| 13:17 | Build | Mining Camp |
| 13:22 | Create | Villager (Male) |
| 13:33 | Build | Farm |
| 13:41 | Build | Farm |
| 13:42 | Create | Villager (Male) |
| 13:48 | Build | Palisade Wall |
| 13:56 | Build | Farm |
| 14:16 | Build | Farm |
| 14:42 | Build | Farm |
| 15:22 | Build | Blacksmith |
| 15:46 | Build | Farm |
| 15:56 | Build | Farm |
| 16:05 | Research | Castle Age |
| 16:21 | Research | Scale Barding Armor |
| 16:37 | Build | Stable |
| 16:43 | Research | Bloodlines |
| 16:43 | Research | Bloodlines |
| 17:05 | Research | Forging |
| 18:06 | Create | Villager (Male) |
| 18:11 | Research | Stone Mining |
| 18:11 | Research | Gold Mining |
| 18:33 | Build | Watch Tower |
| 18:39 | Create | Villager (Male) |
| 18:43 | Build | House |
| 18:45 | Build | House |
| 18:45 | Age | Castle Age |
| 18:48 | Build | House |
| 18:52 | Create | Knight |
| 18:53 | Create | Knight |
| 18:59 | Build | House |
| 19:01 | Create | Villager (Male) |
| 19:03 | Create | Knight |
| 19:18 | Build | House |
| 19:20 | Create | Villager (Male) |
| 19:22 | Build | House |
| 19:30 | Build | House |
| 19:36 | Create | Knight |
| 19:39 | Create | Villager (Male) |
| 19:48 | Build | Farm |
| 19:49 | Create | Villager (Male) |
| 19:52 | Build | Market |
| 19:58 | Build | Farm |
| 20:06 | Create | Villager (Male) |
| 20:10 | Create | Villager (Male) |
| 20:25 | Create | Villager (Male) |
| 20:27 | Create | Villager (Male) |
| 20:37 | Build | Farm |
| 20:38 | Create | Villager (Male) |
| 20:41 | Build | House |
| 20:50 | Build | House |
| 20:54 | Create | Knight |
| 20:58 | Research | Chain Barding Armor |
| 20:58 | Research | Chain Barding Armor |
| 21:01 | Build | Farm |
| 21:01 | Build | Farm |
| 21:13 | Create | Villager (Male) |
| 21:19 | Create | Villager (Male) |
| 21:26 | Build | Mining Camp |
| 21:29 | Create | Villager (Male) |
| 21:32 | Build | Farm |
| 21:36 | Build | Farm |
| 21:39 | Create | Knight |
| 21:39 | Create | Knight |
| 21:43 | Create | Villager (Male) |
| 21:46 | Build | Farm |
| 21:52 | Create | Villager (Male) |
| 21:59 | Create | Villager (Male) |
| 22:09 | Create | Knight |
| 22:09 | Create | Knight |
| 22:14 | Build | Farm |
| 22:20 | Create | Knight |
| 22:21 | Create | Knight |
| 22:34 | Create | Villager (Male) |
| 22:37 | Create | Villager (Male) |
| 22:43 | Create | Villager (Male) |
| 22:45 | Build | House |
| 22:53 | Build | Gate |
| 23:06 | Research | Iron Casting |
| 23:12 | Create | Villager (Male) |
| 23:14 | Create | Villager (Male) |
| 23:16 | Research | Bow Saw |
| 23:22 | Research | Husbandry |
| 23:31 | Create | Villager (Male) |
| 23:41 | Build | House |
| 23:50 | Create | Villager (Male) |
Match timeline
| 1:03 | FC enjoyer · wall_segment Palisade Wall x1 |
| 1:04 | FC enjoyer · wall_segment Palisade Wall x1 |
| 5:33 | c3mbrich! · first_building Barracks |
| 6:12 | OS +| NeoZz · wall_segment Palisade Wall x2 |
| 6:12 | OS +| NeoZz · wall_segment Palisade Wall x1 |
| 6:13 | OS +| NeoZz · wall_segment Palisade Wall x1 |
| 6:18 | OS +| NeoZz · wall_segment Palisade Wall x1 |
| 6:44 | c3mbrich! · wall_segment Palisade Wall x3 |
| 7:09 | Oni.TaToH · wall_segment Palisade Wall x5 |
| 7:38 | Moneimon · first_building Barracks |
| 7:42 | FC enjoyer · wall_segment Palisade Wall x1 |
| 7:53 | FC enjoyer · wall_segment Palisade Wall x1 |
| 7:55 | FC enjoyer · wall_segment Palisade Wall x1 |
| 7:56 | FC enjoyer · wall_segment Palisade Wall x1 |
| 8:02 | Oni.TaToH · first_building Barracks |
| 8:03 | FC enjoyer · first_building Barracks |
| 8:16 | OS +| NeoZz · first_building Barracks |
| 8:20 | BSL | Dr.Kozmonot · first_building Barracks |
| 8:51 | BSL | Dr.Kozmonot · age_up feudal |
| 8:52 | Oni.TaToH · age_up feudal |
| 8:52 | FC enjoyer · age_up feudal |
| 8:54 | Oni.TaToH · first_building Stable |
| 8:57 | FC enjoyer · first_building Stable |
| 9:04 | [R1] 12Tirador · wall_segment Palisade Wall x1 |
| 9:05 | [R1] 12Tirador · wall_segment Palisade Wall x1 |
| 9:06 | [R1] 12Tirador · wall_segment Palisade Wall x1 |
| 9:13 | [R1] 12Tirador · wall_segment Palisade Wall x1 |
| 9:14 | BSL | Dr.Kozmonot · first_building Stable |
| 9:15 | Moneimon · age_up feudal |
| 9:18 | [R1] 12Tirador · wall_segment Palisade Wall x1 |
| 9:18 | OS +| NeoZz · age_up feudal |
| 9:19 | Moneimon · first_building Stable |
| 9:21 | OS +| NeoZz · first_building Archery Range |
| 9:27 | FC enjoyer · wall_segment Palisade Wall x1 |
| 9:38 | FC enjoyer · wall_segment Palisade Wall x1 |
| 10:00 | FC enjoyer · wall_segment Palisade Wall x1 |
| 10:00 | FC enjoyer · wall_segment Palisade Wall x1 |
| 10:11 | 12345 · first_building Barracks |
| 10:47 | OS +| NeoZz · wall_segment Palisade Wall x1 |
| 10:48 | OS +| NeoZz · wall_segment Palisade Wall x1 |
| 10:51 | Oni.TaToH · wall_segment Palisade Wall x7 |
| 10:52 | c3mbrich! · wall_segment Palisade Wall x10 |
| 10:54 | Oni.TaToH · wall_segment Stone Wall x7 |
| 10:59 | Moneimon · wall_segment Palisade Wall x6 |
| 10:59 | [R1] 12Tirador · wall_segment Palisade Wall x3 |
| 11:02 | [R1] 12Tirador · wall_segment Palisade Wall x1 |
| 11:03 | [R1] 12Tirador · wall_segment Palisade Wall x1 |
| 11:04 | [R1] 12Tirador · wall_segment Palisade Wall x1 |
| 11:05 | c3mbrich! · age_up feudal |
| 11:05 | 12345 · wall_segment Palisade Wall x1 |
| 11:07 | c3mbrich! · first_building Archery Range |
| 11:07 | 12345 · wall_segment Palisade Wall x5 |
| 11:09 | Oni.TaToH · wall_segment Stone Wall x18 |
| 11:16 | OS +| NeoZz · wall_segment Stone Wall x1 |
| 11:16 | OS +| NeoZz · wall_segment Stone Wall x1 |
| 11:20 | c3mbrich! · wall_segment Palisade Wall x2 |
| 11:21 | 12345 · age_up feudal |
| 11:23 | 12345 · first_building Archery Range |
| 11:27 | Moneimon · wall_segment Palisade Wall x2 |
| 11:36 | OS +| NeoZz · wall_segment Stone Wall x2 |
| 11:39 | 12345 · wall_segment Palisade Wall x1 |
| 11:44 | BSL | Dr.Kozmonot · wall_segment Palisade Wall x7 |
| 11:49 | Moneimon · wall_segment Palisade Wall x13 |
| 12:10 | BSL | Dr.Kozmonot · wall_segment Palisade Wall x13 |
| 12:12 | [R1] 12Tirador · age_up feudal |
| 12:43 | FC enjoyer · wall_segment Palisade Wall x1 |
| 12:44 | FC enjoyer · wall_segment Palisade Wall x2 |
| 12:48 | 12345 · wall_segment Palisade Wall x4 |
| 12:48 | OS +| NeoZz · wall_segment Palisade Wall x1 |
| 12:48 | Moneimon · wall_segment Palisade Wall x13 |
| 12:50 | c3mbrich! · wall_segment Palisade Wall x3 |
| 12:51 | OS +| NeoZz · wall_segment Palisade Wall x1 |
| 12:53 | OS +| NeoZz · wall_segment Palisade Wall x1 |
| 12:55 | OS +| NeoZz · wall_segment Palisade Wall x1 |
| 13:00 | Moneimon · wall_segment Palisade Wall x7 |
| 13:04 | [R1] 12Tirador · first_market_buy 100 food |
| 13:07 | [R1] 12Tirador · first_market_sell 100 stone |
| 13:34 | BSL | Dr.Kozmonot · wall_segment Palisade Wall x2 |
| 13:34 | BSL | Dr.Kozmonot · wall_segment Palisade Wall x1 |
| 13:48 | Moneimon · wall_segment Palisade Wall x9 |
| 14:46 | Oni.TaToH · wall_segment Stone Wall x1 |
| 14:48 | Oni.TaToH · wall_segment Stone Wall x5 |
| 14:55 | BSL | Dr.Kozmonot · wall_segment Palisade Wall x1 |
| 15:50 | [R1] 12Tirador · age_up castle |
| 16:04 | c3mbrich! · wall_segment Palisade Wall x1 |
| 16:21 | c3mbrich! · wall_segment Palisade Wall x6 |
| 16:57 | Oni.TaToH · first_market_sell 500 wood |
| 17:00 | Oni.TaToH · first_market_buy 100 food |
| 18:11 | 12345 · age_up castle |
| 18:45 | Moneimon · age_up castle |
| 19:33 | [R1] 12Tirador · first_building Castle |
| 20:11 | OS +| NeoZz · age_up castle |
| 20:25 | Oni.TaToH · age_up castle |
| 20:49 | c3mbrich! · first_market_buy 100 stone |
| 21:17 | c3mbrich! · wall_segment Palisade Wall x1 |
| 21:25 | FC enjoyer · wall_segment Palisade Wall x6 |
| 21:44 | BSL | Dr.Kozmonot · age_up castle |
| 21:50 | Oni.TaToH · first_building Castle |
| 22:01 | c3mbrich! · first_market_sell 100 food |
| 22:07 | BSL | Dr.Kozmonot · wall_segment Stone Wall x1 |
| 22:08 | BSL | Dr.Kozmonot · wall_segment Stone Wall x1 |
| 22:49 | Oni.TaToH · first_building Monastery |
| 23:23 | BSL | Dr.Kozmonot · first_market_buy 100 wood |
| 23:37 | Oni.TaToH · first_building Siege Workshop |
| 24:03 | FC enjoyer · age_up castle |
| 24:58 | c3mbrich! · wall_segment Stone Wall x1 |
| 25:05 | BSL | Dr.Kozmonot · first_building Monastery |
| 25:22 | Oni.TaToH · wall_segment Stone Wall x1 |
| 25:59 | Moneimon · first_market_sell 100 food |
| 26:00 | c3mbrich! · age_up castle |
| 26:04 | Moneimon · first_market_buy 100 wood |
| 27:01 | [R1] 12Tirador · first_building Barracks |
| 27:02 | OS +| NeoZz · wall_segment Stone Wall x1 |
| 27:02 | OS +| NeoZz · wall_segment Stone Wall x1 |
| 27:18 | FC enjoyer · first_building Monastery |
| 27:29 | [R1] 12Tirador · first_building Archery Range |
| 28:30 | OS +| NeoZz · wall_segment Stone Wall x1 |
| 28:47 | OS +| NeoZz · first_building Monastery |
| 29:12 | 12345 · first_building Stable |
| 30:11 | 12345 · first_building Monastery |
| 30:54 | BSL | Dr.Kozmonot · first_market_sell 100 wood |
| 31:09 | BSL | Dr.Kozmonot · first_building Castle |
| 32:36 | Moneimon · first_building Monastery |
| 32:50 | 12345 · wall_segment Stone Wall x1 |
| 32:51 | Oni.TaToH · first_building Archery Range |
| 32:54 | OS +| NeoZz · age_up imperial |
| 33:14 | OS +| NeoZz · first_market_buy 100 stone |
| 33:15 | Oni.TaToH · age_up imperial |
| 33:17 | OS +| NeoZz · first_building Castle |
| 33:26 | 12345 · first_market_buy 100 wood |
| 33:26 | 12345 · first_market_sell 100 food |
| 33:35 | [R1] 12Tirador · wall_segment Stone Wall x1 |
| 33:49 | 12345 · age_up imperial |
| 33:50 | 12345 · wall_segment Stone Wall x1 |
| 33:55 | 12345 · wall_segment Stone Wall x1 |
| 34:43 | 12345 · wall_segment Stone Wall x1 |
| 35:11 | OS +| NeoZz · first_building Siege Workshop |
| 35:16 | Moneimon · first_building Castle |
| 35:30 | [R1] 12Tirador · age_up imperial |
| 35:44 | BSL | Dr.Kozmonot · first_building Archery Range |
| 36:05 | BSL | Dr.Kozmonot · first_building Siege Workshop |
| 36:52 | c3mbrich! · wall_segment Stone Wall x1 |
| 37:11 | BSL | Dr.Kozmonot · age_up imperial |
| 37:19 | Oni.TaToH · resign |
[ AI ANALYSIS · 1 CREDIT ]
What really happened in this match?
Wolo.gg analyzes every decision: build order, eco, micro, common mistakes by bracket. Personalized analysis on WhatsApp or Discord in 30 seconds.
Civ guide
Gurjaras
Perfil
Blve (FC enjoyer)